 Dungeon Crawl Stone Soup version 0.19.3-4-gbf9329e (webtiles) character file.

13708 Dolanko the Carver (level 12, -4/116 HPs)
             Began as a Naga Fighter on Jan 27, 2017.
             Was a Priest of Cheibriados.
             Slain by a death yak (16 damage)
             ... on level 2 of the Lair of Beasts.
             The game lasted 00:20:02 (12363 turns).

Dolanko the Carver (Naga Fighter)                  Turns: 12363, Time: 00:20:03

Health: -4/116     AC: 13    Str: 33    XL:     12   Next: 8%
Magic:  17/17      EV:  6    Int: 17    God:    Cheibriados [***...]
Gold:   644        SH:  0    Dex: 22    Spells: 0 memorised, 11 levels left

rFire  + . .     SeeInvis +     y - +3 falchion (elec)
rCold  + . .     Gourm    .     F - +2 ring mail {rC+}
rNeg   . . .     Faith    .     c - +0 shield
rPois  +         Spirit   .     (no helmet)
rElec  .         Reflect  .     N - +0 cloak (curse)
rCorr  .         Harm     +     u - +1 pair of gloves
MR     ++...                    (no barding)
Stlth  ..........               x - amulet of harm
                                K - ring of protection from fire
                                M - ring of protection from magic

@: confused, mighty, flying, very slightly contaminated, very slow
A: see invisible, deformed body, poison resistance, slowness 2, slow metabolism
1, spit poison 1, AC +4
a: Spit Poison, Bend Time, Temporal Distortion, Renounce Religion


You were on level 2 of the Lair of Beasts.
You worshipped Cheibriados.
Cheibriados was most pleased with you.
You were not hungry.

You visited 2 branches of the dungeon, and saw 12 of its levels.
You also visited: Ossuary.

You collected 644 gold pieces.

Inventory:

Hand Weapons
 y - a +3 falchion of electrocution (weapon)
 P - a +0 scimitar of flaming
Missiles
 D - 2 throwing nets (quivered)
Armour
 c - a +0 shield (worn)
 n - a +0 chain mail
 u - a +1 pair of gloves (worn)
 w - a +0 plate armour
 F - a +2 ring mail of cold resistance (worn)
 N - a cursed +0 cloak (worn)
Jewellery
 x - an amulet of harm (around neck)
 K - a ring of protection from fire (right hand)
 M - a ring of protection from magic (left hand)
 O - a cursed ring of teleportation {unknown}
Wands
 o - a wand of paralysis (7/24)
 I - a wand of lightning (5/15)
 J - a wand of enslavement (10/24)
 L - a wand of lightning (10/15)
Scrolls
 g - 2 scrolls of enchant weapon
 j - 3 scrolls of noise
 p - 3 scrolls of enchant armour
 r - 3 scrolls of fear
 s - 3 scrolls of remove curse
 t - 5 scrolls of identify
 z - 2 scrolls of magic mapping
 B - 5 scrolls of teleportation
 C - 2 scrolls of fog
Potions
 a - a potion of agility
 b - a potion of flight
 d - 2 potions of might
 e - a potion of resistance
 k - a potion of magic
 m - 3 potions of curing
 E - 3 potions of lignification
 G - a potion of cure mutation
 H - a potion of invisibility
Comestibles
 f - 3 bread rations
 h - 6 meat rations
 i - 2 beef jerkies
 q - a royal jelly
 v - 6 fruits


   Skills:
 + Level 9.8 Fighting
 * Level 12.6 Long Blades
 + Level 7.7 Armour
 - Level 2.4 Shields
 + Level 7.2 Invocations


You had 11 spell levels left.
You didn't know any spells.

Dungeon Overview and Level Annotations

Branches:
Dungeon (10/15)            Temple (0/1) D:4            Lair (2/6) D:10
  Swamp: Lair:2-4    Shoals: Lair:2-4     Snake: Lair:2-4    Spider: Lair:2-4
    Orc: D:9-12

Altars:
Ashenzari
Cheibriados
Fedhas
Gozag
Hepliaklqana
Kikubaaqudgha
Okawaru
Qazlal
Ru
Trog
Zin
The Shining One

Shops:
D:7 *


Innate Abilities, Weirdness & Mutations

You cannot wear boots.
Your serpentine skin is tough. (AC +4)
You have supernaturally acute eyesight. (SInv)
Armour fits poorly on your strangely shaped body.
Your system is resistant to poisons. (rPois)
You cover ground very slowly.
You have a slow metabolism.
You can spit poison.


Message History

The death yak gores you!
* * * LOW HITPOINT WARNING * * *
You hit the death yak.
The death yak is almost dead.
The death yak gores you.
* * * LOW HITPOINT WARNING * * *
You hit the death yak.
There is a sudden explosion of sparks!
You kill the death yak!
Cheibriados appreciates the change of pace.
You block the death yak's attack. The death yak gores you.
* * * LOW HITPOINT WARNING * * *
You are confused.
You feel invigorated. The death yak gores you.
* * * LOW HITPOINT WARNING * * *
You bump into the rock wall.
The death yak barely misses you.
You slash the death yak!
The death yak is heavily wounded.
The death yak gores you!
You die...

.... ##.............#
....##..............#
......P.............#
...........)........#
#.........##.#P.#...#
#.........#######....
#..##.....P# #.....
#..####...## #P...#
#..#@##...# #....#
#..Y#†....#P#####...#
#..†.................
..........?.............
.........................
........###P.........<...
.......## #P..........#..
....... ##.........##..
....... ......... ##.


You could see a death yak.

Vanquished Creatures
  Erica (D:8)
  3 death yaks (Lair:2)
  An unseen horror (D:10)
  3 hill giants (D:10)
  A manticore (D:8)
  A black mamba (Lair:1)
  Maurice (D:9)
  2 spiny frogs (Lair:1)
  Prince Ribbit (D:8)
  A two-headed ogre (D:8)
  4 blink frogs (Lair:1)
  A hippogriff (D:8)
  A basilisk (Lair:1)
  A hungry ghost (D:10)
  5 water moccasins
  6 orc warriors
  2 ice beasts
  8 ogres
  A black bear (D:10)
  A necrophage (D:10)
  4 centaurs
  3 crocodiles
  A big kobold (D:10)
  3 bullfrogs
  3 water moccasin zombies (Ossuary)
  A wyvern skeleton (D:9)
  2 scorpions
  12 killer bees
  13 wights
  4 howler monkeys (D:8)
  5 crimson imps
  A centaur skeleton (D:7)
  6 orc priests
  4 jellies
  A quasit (D:6)
  3 hounds
  12 orc wizards
  10 iguanas
  2 worker ants
  A big kobold zombie (Ossuary)
  A hound zombie (D:8)
  2 mummies (Ossuary)
  4 gnolls (D:4)
  13 adders
  2 shadow imps
  2 adder skeletons
  4 adder zombies
  3 dart slugs
  6 leopard geckos
  61 orcs
  2 ball pythons
  5 bats
  3 giant cockroaches (D:1)
  3 gnoll zombies (Ossuary)
  11 goblins
  9 hobgoblins
  7 jackals
  4 kobolds
  6 quokkas
  4 frilled lizards
  7 hobgoblin zombies (Ossuary)
  2 kobold zombies (Ossuary)
  2 leopard gecko skeletons
  7 orc zombies (Ossuary)
  A quokka zombie (D:9)
  5 rats
312 creatures vanquished.

Notes
Turn   | Place    | Note
-------+----------+-------------------------------------------
     0 | D:1      | Dolanko the Naga Fighter began the quest for the Orb.
     0 | D:1      | Reached XP level 1. HP: 21/21 MP: 1/1
   523 | D:1      | Reached XP level 2. HP: 28/28 MP: 2/2
  1254 | D:2      | Reached XP level 3. HP: 28/34 MP: 3/3
  1610 | D:2      | Reached skill level 3 in Long Blades
  1752 | D:2      | Reached XP level 4. HP: 31/44 MP: 4/4
  1760 | D:2      | Found a hazy altar of Hepliaklqana.
  2526 | D:3      | Found an ancient bone altar of Kikubaaqudgha.
  2693 | D:3      | Reached XP level 5. HP: 36/50 MP: 5/5
  2726 | D:3      | Found a blossoming altar of Fedhas.
  2727 | D:3      | Found an iron altar of Okawaru.
  2727 | D:3      | Found a snail-covered altar of Cheibriados.
  2729 | D:3      | Found a glowing golden altar of the Shining One.
  2729 | D:3      | Found a shattered altar of Ashenzari.
  2729 | D:3      | Found a sacrificial altar of Ru.
  2729 | D:3      | Found a stormy altar of Qazlal.
  2730 | D:3      | Found an opulent altar of Gozag.
  2741 | D:3      | Became a worshipper of Cheibriados the Contemplative
  3094 | D:4      | Found a glowing silver altar of Zin.
  3243 | D:4      | Found a staircase to the Ecumenical Temple.
  3278 | D:4      | Reached skill level 4 in Long Blades
  3328 | D:4      | Reached XP level 6. HP: 40/58 MP: 6/6
  3811 | D:4      | Reached * piety under Cheibriados
  3828 | D:4      | Reached skill level 5 in Long Blades
  4090 | D:4      | Reached XP level 7. HP: 66/66 MP: 7/7
  4230 | D:4      | Reached skill level 5 in Fighting
  4381 | D:4      | Reached skill level 6 in Long Blades
  4453 | D:5      | Entered Level 5 of the Dungeon
  4485 | D:5      | Found a sand-covered staircase.
  4502 | Ossuary  | Entered an ossuary
  4603 | Ossuary  | Reached ** piety under Cheibriados
  4624 | Ossuary  | Reached XP level 8. HP: 61/75 MP: 8/8
  5366 | D:6      | Reached skill level 7 in Long Blades
  5535 | D:6      | Found a bloodstained altar of Trog.
  5606 | D:6      | You fall through a shaft!
  5681 | D:7      | Reached *** piety under Cheibriados
  6098 | D:6      | Reached skill level 8 in Long Blades
  6098 | D:6      | Reached skill level 5 in Armour
  6409 | D:7      | Reached XP level 9. HP: 81/84 MP: 9/9
  6785 | D:7      | Reached **** piety under Cheibriados
  6799 | D:7      | Found Duaresh's Assorted Antiques.
  7082 | D:8      | Reached skill level 9 in Long Blades
  7411 | D:8      | Noticed Prince Ribbit
  7424 | D:8      | Killed Prince Ribbit
  7424 | D:8      | Reached skill level 1 in Invocations
  7522 | D:8      | Noticed a two-headed ogre
  7524 | D:8      | Killed a two-headed ogre
  7595 | D:8      | Reached ***** piety under Cheibriados
  7739 | D:8      | Reached XP level 10. HP: 44/94 MP: 11/11
  8048 | D:8      | Noticed Erica
  8060 | D:8      | Killed Erica
  8060 | D:8      | Reached skill level 10 in Long Blades
  8174 | D:8      | Noticed a manticore
  8183 | D:8      | Killed a manticore
  9146 | D:9      | Noticed Maurice
  9154 | D:9      | Killed Maurice
  9523 | D:10     | Entered Level 10 of the Dungeon
  9809 | D:10     | Noticed a hill giant
  9814 | D:10     | Reached skill level 11 in Long Blades
  9819 | D:10     | Killed a hill giant
  9819 | D:10     | Reached skill level 5 in Invocations
  9819 | D:10     | Reached XP level 11. HP: 53/104 MP: 9/14
 10243 | D:10     | Noticed a hill giant
 10251 | D:10     | Killed a hill giant
 10309 | D:10     | Noticed a hill giant
 10312 | D:10     | Killed a hill giant
 10644 | D:10     | Found a staircase to the Lair.
 11008 | D:10     | Noticed an unseen horror
 11011 | D:10     | Killed an unseen horror
 11148 | Lair:1   | Entered Level 1 of the Lair of Beasts
 11355 | Lair:1   | Reached skill level 12 in Long Blades
 12335 | Lair:2   | Noticed a death yak
 12336 | Lair:2   | Noticed a death yak
 12336 | Lair:2   | Noticed a death yak
 12338 | Lair:2   | Noticed a death yak
 12345 | Lair:2   | Killed a death yak
 12353 | Lair:2   | Killed a death yak
 12353 | Lair:2   | Reached XP level 12. HP: 29/116 MP: 17/17
 12359 | Lair:2   | Killed a death yak
 12360 | Lair:2   | HP: 3/116 [death yak (6)]
 12363 | Lair:2   | Slain by a death yak

Skill      XL: |  1  2  3  4  5  6  7  8  9 10 11 |
---------------+----------------------------------+-----
Long Blades    | 3 4 5 6 8 9 11 12 | 12.6
Armour         | 3 4 5 6 7 |  7.7
Fighting       | 4 5 6 7 8 9 |  9.8
Invocations    | 2 5 7 |  7.2
Shields        | |  2.4

Action                   |  1- 3 |  4- 6 |  7- 9 | 10-12 || total
-------------------------+-------+-------+-------+-------++-------
Melee: Long sword        |   105 |    34 |       |       ||   139
       Falchion          |       |   126 |   265 |   283 ||   674
       Scimitar          |       |       |       |     6 ||     6
Invok: Bend Time         |       |       |     1 |       ||     1
       Slouch            |       |       |       |     8 ||     8
 Abil: Spit Poison       |     5 |     2 |     3 |     3 ||    13
Evoke: Wand              |       |     1 |     4 |     9 ||    14
  Use: Potion            |     1 |     1 |     4 |     9 ||    15
       Scroll            |       |     4 |    15 |     6 ||    25
 Stab: Paralysed         |       |     1 |     3 |    11 ||    15
       Distracted        |       |       |     1 |     1 ||     2
       Sleeping          |       |       |       |     2 ||     2
       Invisible         |       |       |       |     2 ||     2
  Eat: Chunk             |     2 |     7 |     3 |     8 ||    20
       Bread ration      |       |       |     1 |     1 ||     2
Armor: Scale mail        |    43 |    69 |       |       ||   112
       Ring mail         |       |     2 |   112 |   126 ||   240
Dodge: Dodged            |    27 |    35 |    56 |    73 ||   191
Block: Shield            |    70 |    70 |   157 |   143 ||   440
       Rpst.: Long sword |     7 |     3 |       |       ||    10
       Falchion          |       |     8 |    18 |    18 ||    44
